 Dungeon Crawl Stone Soup version 0.27-a0-1324-ge0d8e047f6 (webtiles) character file.

Game seed: 6342074886500145480

146010 tilp the Convoker (level 17, -2/119 HPs)
             Began as a Barachi Summoner on June 23, 2021.
             Was the Champion of Okawaru.
             Shot with an arrow by a naga sharpshooter (22 damage)
             ... on level 4 of the Snake Pit.
             The game lasted 02:28:11 (75083 turns).

tilp the Convoker (Barachi Summoner)               Turns: 75083, Time: 02:28:12

Health: -2/119     AC: 16    Str: 17    XL:     17   Next: 43%
Magic:  17/40      EV: 14    Int: 16    God:    Okawaru [******]
Gold:   960        SH:  7    Dex: 16    Spells: 2/36 levels left

rFire    . . .     SeeInvis +   a - +9 broad axe (elec)
rCold    . . .     Faith    +   p - +2 buckler
rNeg     . . .     Spirit   .   B - +1 ring mail {rPois}
rPois    +         Reflect  .   R - +1 helmet "Sausuzxe" {Dex+3}
rElec    +         Harm     .   m - +2 cloak
rCorr    .         Rampage  .   A - +0 pair of fencer's gloves {Riposte Dex+3}
Will     +....                  j - +2 pair of boots
Stlth    ++........             L - amulet of faith
HPRegen  0.29/turn              w - ring of Pejoq {rElec Dex-2 Slay+4 SInv}
MPRegen  0.27/turn              v - ring of magical power

@: lethally poisoned (-2 -> -3), unable to hop, slowed, very slow
A: amphibious, slowness 1, strong legs 2, +LOS, frail 1
a: Hop, Renounce Religion, Heroism, Finesse


You were on level 4 of the Snake Pit.
You worshipped Okawaru.
Okawaru was exalted by your worship.
You visited 5 branches of the dungeon, and saw 30 of its levels.
You visited 1 bazaar.
You also visited: Gauntlet.

You collected 5189 gold pieces.
You spent 4229 gold pieces at shops.

Inventory:

Hand Weapons
 a - a +9 broad axe of electrocution (weapon)
 g - a +3 spectral broad axe
 J - the +11 battleaxe "Aqynk" {flame, rF++ Dex+3 SInv Stlth+}
   (Okawaru gifted it to you on level 3 of the Snake Pit)

   It has been specially enchanted to burn those struck by it, causing extra
   injury to most foes and up to half again as much damage against particularly
   susceptible opponents.
   Big, fiery blades are also staple armaments of hydra-hunters.
   It affects your dexterity (+3).
   It greatly protects you from fire.
   It lets you see invisible.
   It makes you more stealthy.
Missiles
 i - 5 throwing nets {!f}
 q - 53 poisoned darts (quivered)
 E - 4 datura-tipped darts
 H - 12 curare-tipped darts
Armour
 j - a +2 pair of boots (worn)
 k - a scarf of resistance
 m - a +2 cloak (worn)
 p - a +2 buckler (worn)
 A - the +0 pair of fencer's gloves (worn) {Riposte Dex+3}
   (You acquired it on level 11 of the Dungeon)

   It affects your dexterity (+3).
 B - a +1 ring mail of poison resistance (worn)
 C - the +1 scale mail of the Dropbear {rElec rCorr Str+4 Dex+7}
   (Okawaru gifted it to you on level 3 of the Lair of Beasts)

   It affects your strength (+4).
   It affects your dexterity (+7).
   It insulates you from electricity.
   It protects you from acid and corrosion.
 R - the +1 helmet "Sausuzxe" (worn) {Dex+3}
   (Okawaru gifted it to you on level 6 of the Lair of Beasts)

   It affects your dexterity (+3).
Jewellery
 v - a ring of magical power (right hand)
 w - the ring of Pejoq (left hand) {rElec Dex-2 Slay+4 SInv}
   (You acquired it on level 7 of the Dungeon)

   [ring of slaying]

   It affects your dexterity (-2).
   It affects your accuracy and damage with ranged weapons and melee attacks
   (+4).
   It insulates you from electricity.
   It lets you see invisible.
 L - an amulet of faith (around neck)
Wands
 f - a wand of iceblast (25)
 u - a wand of flame (51)
 y - a wand of paralysis (20)
 G - a wand of polymorph (31)
 M - a wand of mindburst (25)
 T - a wand of digging (15)
 X - a wand of acid (10)
 Y - a wand of charming (17)
Scrolls
 b - 11 scrolls of magic mapping
 c - a scroll of holy word
 e - 17 scrolls of teleportation
 n - a scroll of enchant armour
 o - 3 scrolls of fog
 I - 4 scrolls of fear
 N - a scroll of silence
 V - 4 scrolls of amnesia
Potions
 d - 2 potions of heal wounds
 h - 2 potions of cancellation
 l - 2 potions of flight
 r - 4 potions of invisibility
 t - 5 potions of lignification
 x - 6 potions of might
 z - 6 potions of haste
 K - 3 potions of magic
 O - a potion of resistance
 P - 3 potions of attraction
 Q - 10 potions of curing
 W - a potion of mutation
 Z - a potion of ambrosia
Miscellaneous
 s - a condenser vane
 D - a lightning rod (4/4)
 F - a phantom mirror
 U - a tin of tremorstones (2/2)


   Skills:
 - Level 12.0 Fighting
 + Level 12.6(13.4) Axes
 - Level 8.0(11.3) Maces & Flails
 - Level 4.0 Armour
 - Level 8.0 Dodging
 - Level 4.0 Stealth
 - Level 4.0 Shields
 - Level 10.0 Spellcasting
 - Level 4.0 Hexes
 - Level 18.0 Summonings
 - Level 4.0 Translocations
 - Level 4.0 Ice Magic
 - Level 4.0 Air Magic
 - Level 12.0 Invocations
 - Level 8.0 Evocations


You had 2 spell levels left.
You knew the following spells:

 Your Spells              Type           Power      Damage    Failure   Level
a - Apportation           Tloc           40%        N/A       3%          1
b - Blink                 Tloc           N/A        N/A       4%          2
e - Summon Ice Beast      Ice/Summ       43%        N/A       1%          4
f - Summon Lightning Spi  Summ/Air       43%        N/A       1%          4
g - Summon Mana Viper     Hex/Summ       43%        N/A       4%          5
h - Shadow Creatures      Summ           N/A        N/A       1%          6
i - Summon Forest         Summ/Tloc      21%        N/A       4%          5
j - Summon Hydra          Summ           30%        N/A       9%          7

Your spell library contained the following spells:

 Spells                   Type           Power      Damage    Failure   Level
 Summon Small Mammal      Summ           100%       N/A       0%          1
 Call Imp                 Summ           60%        N/A       0%          2
 Corona                   Hex            22%        N/A       3%          1
 Slow                     Hex            20%        N/A       4%          2
 Shock                    Conj/Air       56%        1d6       7%          1
 Corpse Rot               Necr/Air       N/A        N/A       11%         2
 Static Discharge         Conj/Air       14%        N/A       11%         2
 Animate Skeleton         Necr           16%        N/A       16%         1
 Magic Dart               Conj           32%        1d4       16%         1
 Pain                     Necr           32%        1d5       16%         1
 Sandblast                Erth           16%        2d6       16%         1
 Passwall                 Tmut/Erth      6%         N/A       24%         2
 Searing Ray              Conj           16%        3d3       24%         2
 Sublimation of Blood     Necr           4%         N/A       24%         2
 Call Canine Familiar     Summ           60%        N/A       1%          3
 Summon Guardian Golem    Hex/Summ       43%        N/A       1%          3
 Confusing Touch          Hex            20%        N/A       9%          3
 Gell's Gravitas          Tloc           10%        N/A       9%          3
 Portal Projectile        Hex/Tloc       40%        N/A       9%          3
 Swiftness                Air            20%        N/A       9%          3
 Dazzling Flash           Conj/Hex       28%        N/A       21%         3
 Inner Flame              Hex/Fire       14%        N/A       21%         3
 Mephitic Cloud           Conj/Pois/Air  12%        N/A       28%         3
 Airstrike                Air            10%        N/A       30%         4
 Cause Fear               Hex            10%        N/A       30%         4
 Conjure Flame            Conj/Fire      8%         6-21      43%         3
 Ignite Poison            Fire/Tmut/Pois 8%         N/A       43%         3
 Stone Arrow              Conj/Erth      16%        3d8       43%         3
 Vampiric Draining        Necr           4%         2d6       43%         3
 Fulminant Prism          Conj/Hex       7%         3d7       56%         4
 Iskenderun's Mystic Bla  Conj/Tloc      14%        2d5       56%         4
 Leda's Liquefaction      Hex/Erth       7%         N/A       56%         4
 Metabolic Englaciation   Hex/Ice        10%        N/A       63%         5
 Animate Dead             Necr           4%         N/A       83%         4
 Olgreb's Toxic Radiance  Pois           8%         N/A       83%         4
 Petrify                  Tmut/Erth      8%         N/A       83%         4
 Lightning Bolt           Conj/Air       7%         1d19      88%         5
 Yara's Violent Unravell  Hex/Tmut       7%         3d5       88%         5
 Spellforged Servitor     Conj/Summ      18%        N/A       97%         7
 Agony                    Necr           8%         N/A       99%         5
 Alistair's Intoxication  Tmut/Pois      5%         N/A       99%         5
 Irradiate                Conj/Tmut      4%         3d14      99%         5
 Lee's Rapid Deconstruct  Erth           4%         3d6*      99%         5
 Eringya's Noxious Bog    Tmut/Pois      4%         N/A       100%        6


Dungeon Overview and Level Annotations

Branches:
Dungeon (15/15)            Temple (0/1) D:6            Lair (6/6) D:10
 Shoals (3/4) Lair:4        Snake (4/4) Lair:4        Slime (0/5) Lair:6
    Orc (2/2) D:11            Elf (0/3) Orc:2        Vaults (0/5) D:13
 Depths (0/5) D:15        Gauntlet (visited)

Altars:
Elyvilon
Gozag
Nemelex Xobeh
Okawaru
Xom
Beogh

Shops:
D:1 [   D:6 (   D:7 :   D:8 [   Orc:1 **(*(   Orc:2 =(:!   Snake:2 ::=

Annotations:
D:12 Urug
D:13 3 runed translucent doors, exclusion: orange crystal statue, Maiqeb's ghost, journeyman TeSu
D:14 2 runed translucent doors, exclusion: orange crystal statue
Shoals:1 3 runed translucent doors, Lionup's ghost, adept OgVM
Snake:3 Roxanne


Innate Abilities, Weirdness & Mutations

You are amphibious.
You cover ground slowly.
You can hop long distances.
You have an extended range of vision and can be seen from far away.
You are frail. (-10% HP)


Message History

You feel very sick.
Unknown command.
Casting: Summon Lightning Spire (mildly dangerous; 1% risk of failure)
Confirm with . or Enter, or press ? or * to list all spells.
Wisps of shadow whirl around you...
You feel like a meek peon again.
You feel very sick.
The naga mage hits you but does no damage.
You block the naga mage's attack.
The naga mage gestures at you while chanting.
The bolt of poison misses you.
The bolt of poison hits your lightning spire.
Your lightning spire completely resists.
Unknown command.
You slice the naga mage!!
You kill the naga mage!
Okawaru accepts your kill.
Space becomes stable.
You feel sick. The naga mage spits poison at you.
The splash of poison hits you but does no damage.
You have difficulty breathing.
* * * LOW HITPOINT WARNING * * *
You feel as though you will be slow longer.
The naga sharpshooter shoots an arrow.
The arrow hits you!
* * * LOW HITPOINT WARNING * * *
The naga mage points at you and mumbles some strange words.
The bolt of poison hits you. You resist.
* * * LOW HITPOINT WARNING * * *
The bolt of poison hits your lightning spire.
Your lightning spire completely resists.
Unknown command.
You feel much better.
You feel sick.
The naga sharpshooter shoots an arrow.
The arrow closely misses you. The arrow hits your lightning spire!!
The naga mage closely misses your black mamba.
The naga mage grabs your black mamba.
The naga mage constricts your black mamba.
Your black mamba barely misses the naga mage.
The naga sharpshooter shoots an arrow.
The arrow hits you!!
You die...

..'.♣♣♣#######......#
#'♣.# ...... #......##
..N.# ...[..
#...)...## ....#
.......#........#
....# ......#...N....#
....# ......'..N....##
....#######'##..S....#
................)....#
#......##♣####..@....#
##.....#.....#..8....#
#.....#.....#.......#
##....+.....#.......#
#....#'#####......##
#................<#
#.................#
#.................##
#..................#


You could see a naga sharpshooter (fast, curare), a naga mage (fast, curare,
catching breath, ally target), a friendly black mamba (summoned) and a friendly
lightning spire (summoned).

Vanquished Creatures
  Jorgrun (Orc:2)
  A quicksilver ooze (Gauntlet)
  The ghost of Fiwougura the Black Belt, a journeyman DjTm of Wu Jian (Lair:6)
  Azrael (Orc:2)
  Josephine (D:14)
  An ettin (D:15)
  3 merfolk impalers
  The ghost of Eloej the Pandemonic, a journeyman DDFi of Makhleb (Orc:1)
  3 vault guards (D:13)
  5 naga warriors
  3 hydras
  5 boulder beetles
  3 anacondas
  A catoblepas (Lair:6)
  5 centaur warriors
  2 satyrs
  2 shock serpents (Snake:2)
  4 orc high priests (Orc:2)
  2 naga sharpshooters
  Sonja (Lair:2)
  8 sea snakes
  2 salamander mystics
  2 deep trolls (D:15)
  A naga ritualist (Snake:3)
  A lindwurm (Lair:6)
  5 orc knights
  Pikel (D:8)
  A deep elf zephyrmancer (D:14)
  10 harpies
  A necromancer (D:15)
  11 ugly things
  2 orc sorcerers
  8 fauns
  9 mana vipers
  4 cyclopes
  5 manticores
  A moth of wrath (Gauntlet)
  7 salamanders
  Maurice (D:10)
  A guardian serpent (Snake:1)
  23 black mambas
  A centaur zombie (D:10)
  2 merfolk sirens (Shoals:1)
  6 naga magi
  2 molten gargoyles (D:11)
  A minotaur zombie (Gauntlet)
  A torpor snail (Lair:6)
  3 gargoyles
  2 unseen horrors (D:13)
  7 cane toads
  2 rime drakes (Lair:6)
  2 kobold demonologists
  A komodo dragon (Lair:2)
  An efreet (D:14)
  2 tengu conjurers
  A yaktaur (D:12)
  3 trolls
  9 merfolk
  2 tyrant leeches (Lair:6)
  3 meliai (D:14)
  5 polar bears
  Grinder (D:3)
  5 wind drakes
  5 hornets (Lair:6)
  9 blink frogs
  10 slime creatures
  4 snapping turtles
  A dream sheep (Lair:6)
  3 wraiths (D:14)
  2 redbacks (Gauntlet)
  3 water elementals (Shoals:1)
  A wyvern (Lair:4)
  20 yaks
  A yak (shapeshifter) (D:13)
  3 fire elementals (Orc:1)
  2 basilisks
  6 vampire mosquitoes
  A death yak simulacrum (Lair:6)
  26 nagas
  Edmund (D:5)
  3 wargs
  6 water moccasins
  12 hell hounds
  2 acid dragons
  10 nameless horrors
  6 black bears
  28 orc warriors
  An ice beast (D:6)
  A necrophage (D:7)
  A black mamba simulacrum (Lair:6)
  A tengu (shapeshifter) (D:14)
  6 ogres
  16 wolves
  14 centaurs
  A lemure (D:8)
  8 bullfrogs
  A gnoll sergeant (D:11)
  A water moccasin zombie (D:7)
  3 killer bees (D:10)
  An electric eel (Lair:1)
  A lava snake (D:11)
  3 jellies
  A bullfrog skeleton (D:6)
  A centaur skeleton (D:6)
  29 orc priests
  2 iguanas
  Ijyb (D:5)
  9 orc wizards
  A hound zombie (D:5)
  2 hound skeletons
  A howler monkey zombie (D:8)
  A howler monkey skeleton (D:5)
  A gnoll (D:11)
  3 adders
  A white imp (D:8)
  2 adder skeletons (D:4)
  35 orcs
  6 bats
  8 endoplasms
  2 giant cockroaches
  4 goblins
  2 hobgoblins
  A jackal (D:2)
  13 kobolds
  2 quokkas
  5 ball pythons
  3 rats
572 creatures vanquished.

Vanquished Creatures (collateral kills)
  A minotaur (Gauntlet)
  Snorg (Lair:4)
  A merfolk impaler (Shoals:2)
  A fire dragon (Lair:6)
  Fannar (Lair:2)
  A rakshasa (D:14)
  3 hydras
  A vault guard (D:13)
  6 naga warriors
  Erica (Lair:1)
  A catoblepas (D:13)
  An anaconda (Snake:3)
  3 two-headed ogres
  A centaur warrior (D:12)
  A merfolk aquamancer (Shoals:2)
  A tengu warrior (D:11)
  7 naga sharpshooters
  An orc high priest (Orc:2)
  A shock serpent (Snake:4)
  A spectral death yak (Lair:6)
  2 sea snakes
  A deep troll (D:15)
  2 orc knights (Orc:2)
  2 naga ritualists (Snake:3)
  A deep elf pyromancer (D:12)
  A lindwurm (Lair:6)
  A mana viper (Snake:3)
  3 fauns
  2 salamanders
  5 manticores
  3 ugly things
  3 slime creatures (D:13)
  A cyclops (Orc:1)
  A centaur zombie (D:11)
  A merfolk siren (Shoals:1)
  14 black mambas
  A water nymph (Shoals:3)
  5 torpor snails
  7 cane toads
  5 naga magi
  A yaktaur (D:14)
  2 rime drakes
  4 komodo dragons
  A tyrant leech (Lair:6)
  4 merfolk
  2 trolls
  10 polar bears
  A wind drake (Shoals:3)
  A raiju (Lair:6)
  3 hornets (Lair:6)
  12 blink frogs
  4 dream sheep (Lair:6)
  A meliai zombie (D:11)
  3 wyverns
  A water elemental (Shoals:2)
  A wraith (D:14)
  2 basilisks
  33 yaks
  2 death yak simulacra (Lair:6)
  3 vampire mosquitoes
  3 wargs (Lair:6)
  2 acid dragons
  17 nagas
  9 water moccasins
  A hydra simulacrum (Lair:6)
  6 hell hounds (Lair:6)
  2 orc warriors
  8 black bears
  A sky beast (D:4)
  A necrophage (D:6)
  3 centaurs
  2 ogres
  18 wolves
  4 kobold brigands
  6 bullfrogs
  A bullfrog (shapeshifter) (D:13)
  2 scorpions
  A killer bee (D:10)
  2 nameless horrors
  4 lava snakes (D:11)
  A bullfrog zombie (D:6)
  2 hounds
  8 orc priests
  4 jellies
  A centaur skeleton (D:7)
  Jessica (D:3)
  Terence (D:3)
  3 iguanas
  3 orc wizards
  A killer bee zombie (D:9)
  A hound skeleton (D:5)
  A howler monkey zombie (D:9)
  9 gnolls
  5 adders
  A shadow imp (D:6)
  An ufetubus (D:5)
  A dart slug (D:5)
  37 orcs
  2 ball pythons
  3 bats
  5 endoplasms
  A giant cockroach (D:1)
  8 goblins
  4 hobgoblins (D:1)
  10 jackals
  2 quokkas
  3 frilled lizards
  5 kobolds
  3 rats
407 creatures vanquished.

Vanquished Creatures (others)
  2 dream sheep (Lair:6)
  An orc wizard (Orc:2)
  An orc (D:11)
  39 fungi
  110 plants
  5 withered plants (Gauntlet)
158 creatures vanquished.

Grand Total: 1137 creatures vanquished

Notes
Turn   | Place    | Note
-------+----------+-------------------------------------------
     0 | D:1      | tilp the Barachi Summoner began the quest for the Orb.
     0 | D:1      | Reached XP level 1. HP: 13/13 MP: 3/3
   254 | D:1      | Found Qow Syfao's Armour Emporium.
   465 | D:1      | Reached skill level 1 in Fighting
   723 | D:1      | Reached XP level 2. HP: 21/22 MP: 0/5
   801 | D:1      | Learned a level 2 spell: Call Imp
  1280 | D:1      | Reached skill level 5 in Summonings
  1416 | D:1      | Found a faded altar of an unknown god.
  1833 | D:1      | Reached XP level 3. HP: 27/27 MP: 4/6
  1903 | D:1      | Learned a level 3 spell: Call Canine Familiar
  3480 | D:3      | Noticed Jessica
  3492 | D:3      | Killed Jessica
  3493 | D:3      | Reached XP level 4. HP: 33/33 MP: 1/8
  3638 | D:3      | Noticed Terence
  3646 | D:3      | Killed Terence
  3880 | D:3      | Reached skill level 6 in Summonings
  4057 | D:3      | Found an iron altar of Okawaru.
  4182 | D:3      | Became a worshipper of Warmaster Okawaru
  4345 | D:3      | Noticed Grinder
  4532 | D:3      | Reached XP level 5. HP: 37/39 MP: 9/9
  5715 | D:4      | Noticed an ogre
  5716 | D:4      | Noticed a black bear
  5880 | D:4      | Noticed a black bear
  5976 | D:4      | Reached XP level 6. HP: 34/47 MP: 0/10
  6314 | D:4      | Reached * piety under Okawaru
  6571 | D:4      | Killed a black bear
  6572 | D:4      | Reached skill level 1 in Invocations
  6630 | D:4      | Reached XP level 7. HP: 25/54 MP: 1/11
  7390 | D:5      | Entered Level 5 of the Dungeon
  7725 | D:5      | Noticed Edmund
  7950 | D:5      | Noticed a kobold demonologist
  7957 | D:5      | Noticed Ijyb
  7967 | D:5      | Killed a kobold demonologist
  7967 | D:5      | Reached ** piety under Okawaru
  7968 | D:5      | Reached XP level 8. HP: 44/61 MP: 3/12
  8469 | D:5      | Killed Edmund
  8470 | D:5      | Reached skill level 5 in Fighting
  8597 | D:5      | Killed Ijyb
  8691 | D:5      | Reached skill level 1 in Shields
  9029 | D:6      | Reached skill level 5 in Invocations
  9477 | D:6      | Found a staircase to the Ecumenical Temple.
 10006 | D:6      | Found Vuuwk's Weapon Shop.
 10723 | D:7      | Reached *** piety under Okawaru
 10780 | D:6      | Reached skill level 1 in Evocations
 10780 | D:6      | Reached XP level 9. HP: 56/69 MP: 13/13
 10922 | D:7      | Found Anluth's Book Emporium.
 11232 | D:7      | Identified the +1 robe of Lunnaro {rElec rF+ Str+2 Int+3}
 11594 | D:7      | Identified a scroll of acquirement
 11594 | D:7      | Acquired the ring of Pejoq {rElec Dex-2 Slay+4 SInv}
 11788 | D:8      | Learned a level 3 spell: Summon Guardian Golem
 11793 | D:8      | Learned a level 4 spell: Summon Ice Beast
 11863 | D:8      | Found Qeikuniv's Armour Emporium.
 11872 | D:8      | Bought a +1 ring mail of poison resistance for 156 gold
                  | pieces
 12187 | D:7      | Acquired 732 gold pieces
 12685 | D:8      | Reached skill level 1 in Ice Magic
 12874 | D:8      | Noticed Pikel
 12900 | D:8      | Killed Pikel
 12901 | D:8      | Reached skill level 7 in Summonings
 14014 | D:9      | Reached skill level 8 in Summonings
 14230 | D:10     | Entered Level 10 of the Dungeon
 14820 | D:10     | Found a shimmering altar of Xom.
 14850 | D:10     | Noticed a gargoyle
 14859 | D:10     | Reached XP level 10. HP: 49/76 MP: 13/17
 14896 | D:9      | Reached **** piety under Okawaru
 15205 | D:9      | Reached skill level 5 in Spellcasting
 15205 | D:9      | Reached skill level 9 in Summonings
 15698 | D:10     | Acquired 1295 gold pieces
 15705 | D:10     | Found a staircase to the Lair.
 16278 | D:10     | Killed a gargoyle
 16279 | D:10     | Reached skill level 10 in Summonings
 16581 | D:10     | Found a white marble altar of Elyvilon.
 16595 | D:10     | Noticed a two-headed ogre
 16601 | D:10     | Killed a two-headed ogre
 16777 | D:10     | Reached skill level 11 in Summonings
 17142 | D:11     | Noticed a boulder beetle
 17385 | D:11     | Noticed a molten gargoyle
 17438 | Lair:1   | Entered Level 1 of the Lair of Beasts
 17438 | Lair:1   | Noticed Erica
 17749 | Lair:1   | Killed Erica
 17749 | Lair:1   | Received a gift from Okawaru
 17750 | Lair:1   | Reached skill level 12 in Summonings
 17873 | Lair:1   | Noticed a black mamba
 17885 | Lair:1   | Killed a black mamba
 17891 | Lair:1   | Reached ***** piety under Okawaru
 18184 | Lair:1   | Reached XP level 11. HP: 72/81 MP: 18/20
 18349 | Lair:1   | Noticed a seven-headed hydra
 18694 | Lair:1   | Received a gift from Okawaru
 18957 | Lair:1   | Learned a level 4 spell: Summon Lightning Spire
 18988 | Lair:1   | Reached skill level 1 in Armour
 20039 | Lair:2   | Noticed Fannar
 20041 | Lair:2   | Noticed Sonja
 20048 | Lair:2   | Killed Sonja
 20048 | Lair:2   | Received a gift from Okawaru
 20049 | Lair:2   | Reached skill level 1 in Maces & Flails
 20063 | Lair:2   | HP: 4/83 [cane toad (12)]
 20612 | Lair:2   | Received a gift from Okawaru
 20613 | Lair:2   | Reached skill level 5 in Dodging
 21928 | Lair:3   | Noticed an eight-headed hydra
 22585 | Lair:3   | Reached XP level 12. HP: 94/94 MP: 19/21
 22668 | Lair:3   | Found a sparkling altar of Nemelex Xobeh.
 22805 | Lair:3   | Identified the +1 scale mail of the Dropbear {rElec rCorr
                  | Str+4 Dex+7} (Okawaru gifted it to you on level 3 of the
                  | Lair of Beasts)
 22805 | Lair:3   | Received a gift from Okawaru
 23632 | Lair:4   | Found a staircase to the Snake Pit.
 23632 | Lair:4   | Noticed Snorg
 23959 | Lair:4   | Killed Snorg
 24206 | Lair:4   | Found a staircase to the Shoals.
 24283 | Lair:4   | Reached skill level 10 in Fighting
 24531 | Lair:4   | Reached skill level 1 in Air Magic
 26146 | Lair:5   | Received a gift from Okawaru
 26250 | Lair:5   | Reached ****** piety under Okawaru
 26740 | Lair:5   | Reached skill level 13 in Summonings
 27941 | D:3      | Killed Grinder
 28160 | Lair:1   | Killed a seven-headed hydra
 28668 | Lair:2   | Killed Fannar
 28799 | Lair:3   | Killed an eight-headed hydra
 29018 | Lair:6   | Entered Level 6 of the Lair of Beasts
 29018 | Lair:6   | Noticed a seven-headed hydra
 29024 | Lair:6   | Gained mutation: You can hop long distances. [Barachi
                  | growth]
 29024 | Lair:6   | Reached XP level 13. HP: 94/103 MP: 20/24
 29862 | Lair:6   | Found a staircase to the Slime Pits.
 29940 | Lair:6   | Reached skill level 14 in Summonings
 29940 | Lair:6   | Identified the +1 helmet "Sausuzxe" {Dex+3} (Okawaru gifted
                  | it to you on level 6 of the Lair of Beasts)
 29940 | Lair:6   | Received a gift from Okawaru
 31680 | Lair:6   | Found a runed translucent gate.
 31680 | Lair:6   | Found a runed translucent gate.
 31680 | Lair:6   | Found a runed translucent gate.
 31680 | Lair:6   | Noticed Fiwougura's ghost (journeyman DjTm)
 32121 | Lair:6   | Reached skill level 15 in Summonings
 32464 | Lair:6   | Found a runed translucent door.
 32465 | Lair:6   | Noticed a fire dragon
 33708 | Lair:6   | Received a gift from Okawaru
 33709 | Lair:6   | Reached skill level 5 in Maces & Flails
 35701 | Lair:6   | Identified the +11 dagger of Talep {chaos, rElec Int+4}
 36444 | Lair:6   | Received a gift from Okawaru
 36445 | Lair:6   | Paralysed by a hornet for 1 turns
 36727 | Lair:6   | Paralysed by a hornet for 2 turns
 38017 | D:11     | Noticed Maurice
 38109 | D:10     | Killed Maurice
 38110 | D:10     | Reached XP level 14. HP: 108/114 MP: 26/26
 38618 | D:11     | Identified the +0 plate armour of Mental Paralysis {rElec
                  | Will- Str+5 SInv} (Okawaru gifted it to you on level 11 of
                  | the Dungeon)
 38618 | D:11     | Received a gift from Okawaru
 38720 | D:11     | Learned a level 1 spell: Apportation
 39193 | D:11     | You fall into a shaft and drop 3 floors!
 39312 | D:13     | Found a runed translucent gate.
 39313 | D:13     | Found a runed translucent gate.
 39369 | D:13     | Reached skill level 5 in Evocations
 40488 | D:11     | Found a staircase to the Orcish Mines.
 40746 | D:11     | Acquired the +0 pair of fencer's gloves {Riposte Dex+3}
 40747 | D:11     | Found the +0 pair of fencer's gloves {Riposte Dex+3}
 40782 | Orc:1    | Entered Level 1 of the Orcish Mines
 41227 | Orc:2    | Entered Level 2 of the Orcish Mines
 41227 | Orc:2    | Noticed Azrael
 41354 | Orc:2    | Killed Azrael
 42070 | Orc:2    | Noticed Jorgrun
 42236 | Orc:2    | HP: 1/115 [Jorgrun/blast of rock fragments (25)]
 42749 | Orc:2    | Killed Jorgrun
 43018 | Orc:2    | Found a staircase to the Elven Halls.
 43615 | Orc:2    | Reached skill level 10 in Invocations
 43687 | Orc:1    | Found Tiqelor's General Store.
 44778 | Orc:1    | Found a runed translucent gate.
 45066 | Orc:1    | Found a runed translucent gate.
 45066 | Orc:1    | Found a runed translucent gate.
 45067 | Orc:1    | Found an opulent altar of Gozag.
 45067 | Orc:1    | Found Sedefot's Assorted Antiques.
 45068 | Orc:1    | Noticed Eloej's ghost (journeyman DDFi)
 45102 | Orc:1    | Found Oddeaguf's Weapon Boutique.
 45150 | Orc:1    | Found Wacserch Wyth's Antique Weapon Emporium.
 45276 | Orc:1    | Found Yritip's Assorted Antiques.
 45487 | Orc:1    | Killed Eloej's ghost
 45942 | Orc:2    | Received a gift from Okawaru
 46883 | Orc:2    | Gained mutation: You are frail. (-10% HP) [a neqoxec]
 47250 | Orc:2    | Found Haufrip's Jewellery Shop.
 47254 | Orc:2    | Found Ylane's Antique Weapon Shop.
 47257 | Orc:2    | Found Jesmal's Book Boutique.
 47258 | Orc:2    | Found Luhuefree's Distillery.
 47354 | Orc:1    | Bought a glowing helmet for 172 gold pieces
 47454 | Orc:2    | Bought a runed broad axe for 196 gold pieces
 47539 | Orc:1    | Bought a +5 broad axe of electrocution for 518 gold pieces
 47569 | Orc:1    | Bought a hardcover book for 345 gold pieces
 47593 | Orc:1    | Bought a potion of haste for 110 gold pieces
 47593 | Orc:1    | Bought a potion of curing for 33 gold pieces
 47668 | Orc:2    | Bought a potion of curing for 36 gold pieces
 47668 | Orc:2    | Bought a potion of haste for 120 gold pieces
 47668 | Orc:2    | Bought a potion of ambrosia for 96 gold pieces
 47668 | Orc:2    | Bought a potion of heal wounds for 60 gold pieces
 47668 | Orc:2    | Bought a potion of attraction for 36 gold pieces
 47767 | Orc:1    | Bought a scroll of fear for 80 gold pieces
 47767 | Orc:1    | Bought a scroll of fog for 46 gold pieces
 47767 | Orc:1    | Bought a scroll of enchant weapon for 172 gold pieces
 47767 | Orc:1    | Bought a scroll of teleportation for 69 gold pieces
 47814 | Orc:1    | Bought a potion of curing for 69 gold pieces
 47814 | Orc:1    | Bought a scroll of teleportation for 69 gold pieces
 47814 | Orc:1    | Bought a scroll of teleportation for 69 gold pieces
 47814 | Orc:1    | Bought a scroll of magic mapping for 80 gold pieces
 47997 | D:7      | Bought Xicwenas's Handbook of the Zebra for 1031 gold
                  | pieces
 48003 | D:7      | Learned a level 5 spell: Summon Mana Viper
 48231 | Orc:2    | Bought a book of Minor Magic for 220 gold pieces
 48234 | Orc:2    | Learned a level 2 spell: Blink
 48717 | D:12     | Noticed Urug
 49120 | D:12     | Identified the +6 dagger "Zoufayru" {holy, Fly}
 49142 | D:12     | Reached XP level 15. HP: 69/108 MP: 27/27
 49803 | Orc:1    | Bought a scroll of enchant armour for 172 gold pieces
 50305 | D:13     | Found a gate to the Vaults.
 50327 | D:13     | Received a gift from Okawaru
 50332 | D:13     | Reached skill level 1 in Axes
 50674 | D:13     | Found a runed translucent gate.
 50675 | D:13     | Noticed Maiqeb's ghost (journeyman TeSu)
 51391 | D:13     | Identified the +3 trident of Calculation {venom, Dex+5}
 51595 | D:14     | Noticed Josephine
 51610 | D:14     | Killed Josephine
 51611 | D:14     | Reached skill level 5 in Axes
 52545 | D:14     | Received a gift from Okawaru
 52546 | D:14     | Found the +10 dark maul {vorpal}
 52944 | D:14     | Found a large runed translucent door.
 52944 | D:14     | Found a large runed translucent door.
 52949 | D:14     | Found a shimmering altar of Xom.
 53125 | D:15     | Entered Level 15 of the Dungeon
 53174 | D:15     | Found a gate leading to a gauntlet.
 53318 | Gauntlet | Entered a Gauntlet
 53318 | Gauntlet | Found a transporter.
 53318 | Gauntlet | Found a transporter.
 53318 | Gauntlet | Found a transporter.
 53318 | Gauntlet | Found a transporter.
 53343 | Gauntlet | Found a transporter.
 53353 | Gauntlet | Found a transporter.
 53353 | Gauntlet | Found a transporter.
 53420 | Gauntlet | Found a transporter.
 53430 | Gauntlet | Found a transporter.
 53446 | Gauntlet | Found a transporter.
 53457 | Gauntlet | Found a transporter.
 53472 | Gauntlet | Found a transporter.
 53861 | Gauntlet | Identified the +0 cloak "Zilido Gaocu" {rC- rCorr Str+6
                  | Stlth+}
 53957 | Gauntlet | Identified the amulet "Jigatub" {Acrobat *Corrode Fly rPois
                  | Dex+3}
 53962 | Gauntlet | Identified the ring "Uwkextel" {rPois rC+ rN+ EV+4 Str-2
                  | Slay-5}
 54001 | Gauntlet | Identified the Guide on the Enchanting Birds
 54001 | Gauntlet | Identified the +5 dagger of Plunder {vorpal, +Blink rN+
                  | Int-2 SInv}
 54336 | D:15     | Learned a level 6 spell: Shadow Creatures
 54380 | D:15     | Found a sparkling altar of Nemelex Xobeh.
 54471 | D:15     | Received a gift from Okawaru
 54476 | D:15     | Reached skill level 1 in Translocations
 54895 | D:15     | Found a staircase to the Depths.
 54939 | D:15     | Received a gift from Okawaru
 54940 | D:15     | Reached skill level 1 in Hexes
 56342 | Lair:6   | Killed Fiwougura's ghost
 56354 | Lair:6   | Identified the +9 whip of Insomnia {freeze, rElec Int+2}
 56526 | Shoals:1 | Entered Level 1 of the Shoals
 56529 | Shoals:1 | Received a gift from Okawaru
 56838 | Shoals:1 | Reached XP level 16. HP: 84/114 MP: 28/28
 57436 | Shoals:1 | Found a runed translucent gate.
 57540 | Shoals:1 | Found a runed translucent gate.
 57541 | Shoals:1 | Found a runed translucent gate.
 57544 | Shoals:1 | Noticed Lionup's ghost (adept OgVM)
 59487 | Shoals:1 | Reached skill level 16 in Summonings
 60372 | Snake:1  | Entered Level 1 of the Snake Pit
 60376 | Snake:1  | Received a gift from Okawaru
 63755 | Snake:2  | Received a gift from Okawaru
 64590 | Snake:2  | Identified the +2 eveningstar of Vodka {vamp, Fragile rElec
                  | rC+ Str+4} (Okawaru gifted it to you on level 2 of the
                  | Snake Pit)
 64590 | Snake:2  | Received a gift from Okawaru
 64591 | Snake:2  | Reached skill level 17 in Summonings
 64774 | Snake:2  | Found Biseevoc's Jewellery Emporium.
 64774 | Snake:2  | Found Ijar's Book Shop.
 64775 | Snake:2  | Found Heokk's Book Shop.
 65320 | Snake:2  | Identified the +3 flail of Change {venom, +Rage rPois
                  | Str+3}
 65651 | Snake:2  | Identified the +9 quarterstaff of Festooned Duty {chaos,
                  | Str+7}
 66167 | Snake:3  | Noticed Roxanne
 66574 | Snake:3  | Reached skill level 10 in Spellcasting
 68221 | Snake:3  | Reached skill level 18 in Summonings
 68241 | Snake:3  | HP: 5/114 [poisoned by a naga ritualist (toxic radiance)]
 68839 | Snake:3  | Identified the +11 battleaxe "Aqynk" {flame, rF++ Dex+3
                  | SInv Stlth+} (Okawaru gifted it to you on level 3 of the
                  | Snake Pit)
 68839 | Snake:3  | Received a gift from Okawaru
 68872 | Snake:3  | Reached XP level 17. HP: 98/119 MP: 21/31
 69013 | Snake:3  | Reached skill level 10 in Axes
 70049 | Shoals:2 | Found a gateway to a bazaar.
 70118 | Bazaar   | Entered a bazaar
 70118 | Bazaar   | Found Mulolupn's Weapon Shoppe.
 70130 | Bazaar   | Found Egef's Magic Scroll Boutique.
 70217 | Bazaar   | Found Sivvupt's Book Emporium.
 70225 | Bazaar   | Found Yduedwue's General Store.
 70296 | Bazaar   | Bought a scroll of teleportation for 33 gold pieces
 70296 | Bazaar   | Bought a scroll of holy word for 82 gold pieces
 70296 | Bazaar   | Bought a scroll of teleportation for 33 gold pieces
 70296 | Bazaar   | Bought a scroll of amnesia for 38 gold pieces
 70330 | Bazaar   | Bought a potion of heal wounds for 55 gold pieces
 70330 | Bazaar   | Bought a scroll of teleportation for 33 gold pieces
 71472 | Shoals:3 | Received a gift from Okawaru
 72719 | Shoals:3 | Learned a level 7 spell: Summon Hydra
 72727 | Shoals:3 | Learned a level 5 spell: Summon Forest
 73250 | Snake:4  | Entered Level 4 of the Snake Pit
 75082 | Snake:4  | HP: 1/119 [naga mage/bolt of poison (5)]
 75083 | Snake:4  | Shot with an arrow by a naga sharpshooter

Illustrated notes

Levels and vault maps discovered:
D:1:      lemuel_arrival_funnel, layout_loops_corners, serial_shops, shop,
          basic_ecumenical_altar
D:2:      layout_basic, serial_rivers, chequers_serial_rivers_micro_e,
          chequers_serial_rivers_micro_e, chequers_serial_rivers_micro_e,
          chequers_serial_rivers_large_b, chequers_serial_rivers_room_b,
          minmay_tripent
D:3:      layout_basic, lemuel_round_altar, uniq_grinder, uniq_terence,
          uniq_jessica
D:4:      layout_rooms
D:5:      layout_basic, minmay_misc_feat_nine_boxes, eino_tiny_chamber,
          uniq_edmund, uniq_ijyb
D:6:      layout_basic, minmay_temple_entry_arrows, serial_shops,
          nicolae_inconvenience_store
D:7:      layout_cave_pools, serial_shops, nicolae_shop_window_shopping
D:8:      layout_loops_ring, serial_shops, shop, uniq_pikel
D:9:      layout_basic
D:10:     layout_gridville, lair_entry_dummy, serial_park_tiny_1,
          hangedman_feature_mirror
D:11:     cheibrodos_magma_flow, layout_cave_pools, minmay_bent, uniq_maurice
D:12:     layout_loops_corners, uniq_urug
D:13:     layout_roguey, lightli_vaults_fourway_checkpoint,
          gammafunk_ghost_spectres, chequers_garden, minivault_15
D:14:     due_chaos_kobolds, layout_stronghold, nicolae_wwwww, minmay_librarian,
          uniq_josephine
D:15:     hangedman_depths_entry_civil_slaughter, layout_gridville,
          gauntlet_entry_generic, nemelex_lonely_heart_becter,
          grunt_decor_arrowhead
Lair:1:   layout_gridlike, grunt_megastairs_5, infiniplex_staircase_pool,
          lemuel_fruit_tree, uniq_erica
Lair:2:   layout_chaotic_city, uniq_fannar, uniq_sonja
Lair:3:   layout_cave_pods, basic_altar, grunt_megastairs_2
Lair:4:   layout_cave_pods, minmay_shoals_entry_centaurs,
          guppyfry_snake_entry_island, chequers_serial_rivers_marsh,
          beast_lair_carwin_2, uniq_snorg
Lair:5:   layout_loops_ring, lemuel_fruit_fields, lemuel_fruit_fields
Lair:6:   hangedman_lair_caniforms_friends, layout_regular_city, wormcave,
          nicolae_slime_entry_slimehenge, gammafunk_ghost_necromancy,
          st_stairs_7
Shoals:1: layout_shoals, gammafunk_ghost_tricky_traps
Shoals:2: layout_shoals, serial_shops, bzr_entry_islet
Shoals:3: layout_shoals
Snake:1:  layout_honeycomb
Snake:2:  layout_cave_town, minmay_shop_grove
Snake:3:  layout_chambers, nicolae_snake_springs, grunt_megastairs_3,
          uniq_roxanne
Snake:4:  snake_pit_salamanders_mu, layout_cave_town, nicolae_snake_single_loop
Orc:1:    nicolae_orc_accident_2, layout_caves, serial_shops, shop, shop,
          nicolae_shop_stone, shop, ebering_ghost_gozag
Orc:2:    st_orc_pillars, layout_caves, uniq_jorgrun, uniq_azrael

Skill      XL: |  1  2  3  4  5  6  7  8  9 10 11 12 13 14 15 16 17 |
---------------+----------------------------------------------------+-----
Fighting       | 1 2 3 4 6 8 10 11 12 | 12.0
Summonings     | 5 6 8 12 13 15 18 | 18.0
Spellcasting   | 3 4 6 7 8 10 | 10.0
Stealth        | 2 3 4 |  4.0
Dodging        | 3 4 6 8 |  8.0
Invocations    | 1 4 6 8 11 12 | 12.0
Shields        | 4 |  4.0
Evocations     | 1 4 8 |  8.0
Ice Magic      | 4 |  4.0
Armour         | 4 |  4.0
Maces & Flails | 4 7 8 |  8.0
Air Magic      | 4 |  4.0
Axes           | 8 9 12 | 12.6
Translocations | 2 4 |  4.0
Hexes          | 2 4 |  4.0

Action                   |  1- 3 |  4- 6 |  7- 9 | 10-12 | 13-15 | 16-18 || total
-------------------------+-------+-------+-------+-------+-------+-------++-------
Melee: Unarmed           |     6 |       |       |       |       |       ||     6
       Dagger            |    15 |   116 |    76 |       |       |       ||   207
       Mace              |    61 |       |       |       |       |       ||    61
       Morningstar       |       |     9 |     3 |   176 |   746 |       ||   934
       Flail             |       |       |   251 |   338 |       |       ||   589
       Broad axe         |       |       |       |       |   222 |   442 ||   664
Throw: Dart              |       |       |     3 |     2 |     7 |       ||    12
 Cast: Summon Small Mamm |    30 |       |       |       |       |       ||    30
       Call Imp          |    25 |    45 |    81 |     2 |       |       ||   153
       Call Canine Famil |     1 |    13 |    43 |    11 |       |     1 ||    69
       Summon Ice Beast  |       |       |     1 |   218 |   392 |    35 ||   646
       Summon Lightning  |       |       |       |     7 |    88 |    38 ||   133
       Apportation       |       |       |       |       |     8 |       ||     8
       Shadow Creatures  |       |       |       |       |     5 |    99 ||   104
       Summon Mana Viper |       |       |       |       |     1 |    10 ||    11
       Summon Guardian G |       |       |       |       |       |     1 ||     1
       Summon Forest     |       |       |       |       |       |     3 ||     3
Invok: Heroism           |       |     2 |    16 |    27 |    36 |     8 ||    89
       Finesse           |       |       |       |       |     6 |       ||     6
 Abil: Hop               |       |     1 |     4 |     7 |    12 |     9 ||    33
Evoke: Wand              |       |       |     2 |    10 |     8 |     8 ||    28
       Condenser vane    |       |       |       |       |     2 |     1 ||     3
       Tin of tremorston |       |       |       |       |     1 |     1 ||     2
       Lightning rod     |       |       |       |       |     3 |       ||     3
       Phantom mirror    |       |       |       |       |       |     1 ||     1
  Use: Scroll            |     6 |     1 |    16 |    11 |    15 |     3 ||    52
       Potion            |       |       |     5 |     8 |     3 |     5 ||    21
 Stab: Distracted        |     1 |       |     5 |     6 |    22 |     7 ||    41
       Sleeping          |       |     3 |     3 |     2 |     2 |     4 ||    14
       Paralysed         |       |       |       |     8 |     3 |       ||    11
       Petrified         |       |       |       |       |     2 |       ||     2
Armor: Robe              |    33 |       |       |       |       |       ||    33
       Ring mail         |    16 |    40 |    92 |   290 |   107 |    89 ||   634
       Leather armour    |       |       |    82 |       |   104 |       ||   186
       Scale mail        |       |       |       |       |   253 |    40 ||   293
Dodge: Dodged            |    87 |    62 |   227 |   470 |   827 |   305 ||  1978
Block: Buckler           |       |       |    43 |   182 |   402 |   183 ||   810
       Rpst.: Morningstar |       |       |       |       |    49 |       ||    49
       Broad axe         |       |       |       |       |    43 |    51 ||    94

Table legend: (Time is in decaauts)
 A = Elapsed time spent in this place.
 B = Non-inter-level travel time spent in this place.
 C = Inter-level travel time spent in this place.
 D = Time resting spent in this place.
 E = Time spent auto-exploring this place.
 F = Levels seen in this place.
 G = Mean time per level.
                   A        B        C        D        E       F      G
               +--------+--------+--------+--------+--------+-----+--------+
         Total |  80868 |  74248 |   6620 |  31167 |  32496 |  32 | 2527.1 |
       Dungeon |  30752 |  27948 |   2804 |   9562 |  14337 |  15 | 2050.1 |
          Lair |  22725 |  21199 |   1526 |  10505 |   7930 |   6 | 3787.5 |
        Shoals |   6699 |   6425 |    274 |   2518 |   2978 |   3 | 2233.0 |
     Snake Pit |  11223 |  10683 |    540 |   4659 |   4906 |   4 | 2805.8 |
  Orcish Mines |   8128 |   6653 |   1475 |   3580 |   1704 |   2 | 4064.0 |
        Bazaar |    272 |    272 |      0 |      0 |    172 |   1 |  272.0 |
      Gauntlet |   1066 |   1066 |      0 |    342 |    467 |   1 | 1066.0 |
               +--------+--------+--------+--------+--------+-----+--------+

Top non-repeatable levels by time:
  Lair:6: 7150 daAuts
 Snake:3: 4870 daAuts
   Orc:1: 4322 daAuts
  Lair:5: 4111 daAuts
   Orc:2: 3805 daAuts
  Lair:4: 3641 daAuts
Shoals:1: 3488 daAuts
  Lair:1: 3424 daAuts
 Snake:1: 3198 daAuts
    D:10: 3039 daAuts
     D:4: 2869 daAuts
     D:1: 2499 daAuts
    D:12: 2482 daAuts
     D:9: 2370 daAuts
  Lair:3: 2356 daAuts
